 Dungeon Crawl Stone Soup version 0.24-a0-584-g9d6b971ae4 (webtiles) character file.

Game seed: 590409024542413109, levelgen mode: deterministic

20 GenChuck the Gusty (level 2, -1/11 HPs)
             Began as a Felid Air Elementalist on Sept 5, 2019.
             Slain by an adder (2 damage)
             ... on level 2 of the Dungeon.
             The game lasted 00:10:06 (993 turns).

GenChuck the Gusty (Felid Air Elementalist)          Turns: 993, Time: 00:10:06

Health: -1/11      AC:  1    Str:  4    XL:     2   Next: 58%
Magic:  3/6        EV: 18    Int: 16    God:
Gold:   50         SH:  0    Dex: 16    Spells: 4/5 levels left
                                        Lives:  0   Deaths: 0

rFire    . . .     SeeInvis +   (weapon unavailable)
rCold    . . .     Gourm    .   (shield unavailable)
rNeg     . . .     Faith    .   (armour unavailable)
rPois    .         Spirit   .   (helmet unavailable)
rElec    .         Reflect  .   (cloak unavailable)
rCorr    .         Harm     .   (gloves unavailable)
MR       .....                  (boots unavailable)
Stlth    +++.......             (no amulet)
HPRegen  0.03/turn              (no ring)
MPRegen  0.10/turn              (no ring)

@: lethally poisoned (-1 -> -8), very slightly contaminated, quick
A: very small, no armour, no weapons or thrown items, stealth, claws 1, fangs 3,
see invisible, carnivore, speed 1, shaggy fur 1, slow metabolism 1, sharp paws
a: no special abilities


You were on level 2 of the Dungeon.
You were not hungry.

You visited 1 branch of the dungeon, and saw 3 of its levels.

You collected 50 gold pieces.

Inventory:

Scrolls
 c - 2 scrolls of remove curse
 d - 2 scrolls of teleportation
Potions
 a - 2 potions of resistance
 e - a potion of flight {unknown}
 f - a potion of mutation {unknown}
Comestibles
 b - 3 rations


   Skills:
 * Level 3.0 Dodging
 * Level 2.9 Stealth
 + Level 2.1 Spellcasting
 + Level 1.1 Conjurations
 * Level 3.2 Air Magic


You had 4 spell levels left.
You knew the following spells:

 Your Spells              Type           Power        Failure   Level  Hunger
a - Shock                 Conj/Air       #...         9%          1    #......

Your spell library contained the following spells:

 Spells                   Type           Power        Failure   Level  Hunger
 Swiftness                Chrm/Air       #.......     16%         2    ###....
 Static Discharge         Conj/Air       #.......     26%         3    ###....
 Airstrike                Air            ##........   47%         4    #####..
 Lightning Bolt           Conj/Air       #.........   93%         5    ######.


Dungeon Overview and Level Annotations

Branches:
Dungeon (3/15)

Altars:


Innate Abilities, Weirdness & Mutations

You cannot wear armour.
You are incapable of wielding weapons or throwing items.
Your paws allow you to move quietly. (Stealth)
You have sharp claws.
You have razor-sharp teeth.
You have supernaturally acute eyesight. (SInv)
You are carnivorous and can eat meat at any time.
You cover ground quickly.
You are covered in fur. (AC +1)
You have a slow metabolism.
Your sharp claws are effective at attacking unaware monsters.


Message History

Aim: an adder (moderately wounded)
The zap hits the adder.
The adder is heavily wounded.
The adder closely misses you.
You scratch the adder.
The adder is severely wounded.
The adder closely misses you. The adder misses you.
You scratch the adder but do no damage.
The adder is severely wounded.
The adder bites you.
You are lethally poisoned!
The adder poisons you!
You scratch the adder but do no damage. Your bite misses the adder.
The adder is severely wounded.
You feel sick. The adder bites you.
* * * LOW HITPOINT WARNING * * *
* * * LOW HITPOINT WARNING * * *
You feel sick. The adder bites you.
You die...

..........#.#.#
............... ..
#####.#.# ###. #.....#.#
#.. #.#....[# #.# ##
#.#.#.#######.#########...
#.#.#....................
#...>..#....#.#....).####
#.#####..#.S@.#.#...<..#
#........#.............#
########.#....##########
###...#....# #...###....#
#...'......# #...########
#...# #...#


You could see an adder.

Vanquished Creatures
  An ooze (D:1)
  A dart slug (D:1)
  A bat (D:1)
  A goblin (D:1)
  3 hobgoblins (D:1)
  A kobold (D:1)
  6 rats (D:1)
14 creatures vanquished.

Notes
Turn   | Place    | Note
-------+----------+-------------------------------------------
     0 | D:1      | GenChuck the Felid Air Elementalist began the quest for the
                  | Orb.
     0 | D:1      | Reached XP level 1. HP: 7/7 MP: 4/4
   299 | D:1      | Reached skill level 1 in Conjurations
   299 | D:1      | Reached XP level 2. HP: 11/11 MP: 0/6
   993 | D:2      | Slain by an adder

Levels and vault maps discovered:
D:1:      saegor_arrival_under_anarchy, layout_basic, minmay_misc_feat_roman
D:2:      layout_basic, uniq_sigmund
D:3:      layout_loops_cross, lemuel_doored_altar, first_ration, uniq_grinder

Skill      XL: |  1  2 |
---------------+-------+-----
Air Magic      | 3 |  3.2
Conjurations   | 1 |  1.1
Dodging        | 3 |  3.0
Stealth        | |  2.9
Spellcasting   | |  2.1

Action                   || total
-------------------------++-------
Melee: Unarmed           ||     5
 Cast: Shock             ||    35
  Use: Scroll            ||     3
  Eat: Chunk             ||     3
Dodge: Dodged            ||     7

Table legend:
 A = Non-vault XP
 B = Vault XP
 C = Vault XP percentage of total XP
 D = Non-vault monster count
 E = Vault monster count
 F = Vault count percentage of total count
                 A         B        C        D         E       F
            +---------+---------+-------+---------+---------+-------
      Total |      29 |       0 |   0.0 |      14 |       0 |   0.0
            +---------+---------+-------+---------+---------+-------
        D:1 |      29 |       0 |   0.0 |      14 |       0 |   0.0
            +---------+---------+-------+---------+---------+-------
